 Dungeon Crawl Stone Soup version 0.29.0-4-gdea44cf6ec (webtiles) character file.

Game seed: 16680760222773880569

170 qw the Chopper (level 5, -3/30 HPs)
             Began as a Tengu Warper on Aug 28, 2022.
             Killed from afar by an orc wizard (14 damage)
             ... with a puff of flame
             ... on level 3 of the Dungeon.
             The game lasted 00:00:15 (2304 turns).

qw the Chopper (Tengu Warper)                       Turns: 2304, Time: 00:00:15

Health: -3/30      AC:  3    Str: 13    XL:     5   Next: 51%
Magic:  9/9        EV: 12    Int: 13    God:
Gold:   142        SH:  8    Dex: 14    Spells: 8/8 levels left

rFire   . . .      SeeInvis .   Y - +1 hand axe
rCold   . . .      Faith    .   a - +0 kite shield
rNeg    . . .      Spirit   .   b - +0 leather armour
rPois   .          Reflect  .   (helmet restricted)
rElec   .          Harm     .   (no cloak)
rCorr   .          Rampage  .   (no gloves)
Will    .....                   (boots unavailable)
Stlth   +.........              e - amulet of regeneration
HPRegen 0.90/turn               (no ring)
MPRegen 0.11/turn               (no ring)

@: flying quickly and evasively, quick
A: beak, talons 3, nimble flight
a: no special abilities


You were on level 3 of the Dungeon.
You visited 1 branch of the dungeon, and saw 3 of its levels.

You collected 142 gold pieces.


Innate Abilities, Weirdness & Mutations

You have a beak for a mouth.
You have claws for feet.
Your magical nature lets you fly swiftly and evasively.


   Skills:
 - Level 2.0 Fighting
 + Level 4.9 Axes
 - Level 1.0 Throwing
 - Level 1.1 Armour
 - Level 2.1 Dodging
 - Level 3.0 Shields
 - Level 2.0 Spellcasting
 - Level 2.4 Translocations


You had 8 spell levels left.
You didn't know any spells.
Your spell library contained the following spells:

 Spells                   Type           Power      Damage    Failure   Level
 Blink                    Tloc           14%        N/A       52%         2
 Gell's Gravitas          Tloc           7%         N/A       75%         3
 Lesser Beckoning         Tloc           7%         N/A       75%         3
 Teleport Other           Tloc           7%         N/A       75%         3
 Manifold Assault         Tloc           7%         N/A       100%        5

Inventory:

Hand Weapons
 h - a +1 whip of venom
 Y - a +1 hand axe (weapon)
Missiles
 i - 2 javelins (quivered)
Armour
 a - a +0 kite shield (worn)
 b - a +0 leather armour (worn)
Jewellery
 e - an amulet of regeneration (around neck)
Scrolls
 g - 4 scrolls of identify
 l - a scroll of noise {unknown}
 m - a scroll of vulnerability {unknown}
Potions
 c - a potion of mutation {unknown}
 d - a potion of heal wounds
 f - 2 potions of attraction {unknown}
 j - a potion of brilliance {unknown}
 k - a potion of curing {unknown}

Dungeon Overview and Level Annotations

Branches:
Dungeon (3/15)

Altars:
Trog


Message History

You block the orc's attack. The orc hits you but does no damage.
You barely miss the orc. You claw the orc.
The orc is moderately wounded.
You closely miss the orc. You peck the orc, but do no damage.
The orc is moderately wounded.
The orc wizard points at you and mumbles some strange words.
The magic dart hits you! You block the orc's attack.
You hit the orc.
You kill the orc!
You hit the orc. You slash the orc wizard!
The orc wizard is heavily wounded.
The orc wizard casts a spell at you. The magic dart hits you!
You hit the orc wizard.
You claw the orc wizard, but do no damage.
You peck the orc wizard.
The orc wizard is severely wounded.
You hit the orc but do no damage. The orc hits you with a +0 short sword.
The orc wizard points at you and mumbles some strange words.
The magic dart hits you.
You hit the orc wizard but do no damage.
Your kick misses the orc wizard. Your peck misses the orc wizard.
The orc wizard is severely wounded.
You hit the orc.
The orc wizard hits you with a +0 dagger.
You block the orc's attack.
You hit the orc wizard. Your kick misses the orc wizard.
The orc wizard is almost dead.
You barely miss the orc. You block the orc wizard's attack.
You block the orc's attack.
You hit the orc wizard but do no damage.
You claw the orc wizard, but do no damage.
You peck the orc wizard.
The orc wizard is almost dead.
You hit the orc but do no damage. The orc wizard casts a spell at you.
The puff of flame hits you!
You die...

..##..............###.<.##...
............................##.##
......#.#.....##.###.###.........
......#.#.....##.# #.%.#...>##.##
......#.#.....##.# ###......##.#
......#.########.#######....##.##
......#.#######.......?..........
.................o.######.>.##<##
......#.########@#.######...####
........# #)o..........#
......####### ###.##........
............. .##..<.....#
#####........ .##........# #
#........ ...........# #
#........ .o # ######### ... #
[(.


You could see an orc wizard and an orc.

Vanquished Creatures
  A phantom (D:3)
  An adder (D:2)
  4 worms
  3 dart slugs
  5 orcs (D:3)
  6 endoplasms
  5 goblins
  9 hobgoblins
  3 jackals (D:1)
  3 quokkas
  6 ball pythons
  2 bats (D:1)
  4 frilled lizards
  3 kobolds
  9 rats
64 creatures vanquished.

Vanquished Creatures (others)
  6 plants (D:2)
6 creatures vanquished.

Grand Total: 70 creatures vanquished

Notes
Turn   | Place    | Note
-------+----------+-------------------------------------------
     0 | D:1      | qw the Tengu Warper began the quest for the Orb.
     0 | D:1      | Reached XP level 1. HP: 12/12 MP: 4/4
     0 | D:1      | 0 ||| qw: Version: 0.1-a-89-g26bdef1
     0 | D:1      | 0 ||| qw: Game counter: 877
     0 | D:1      | 0 ||| qw: Always use a shield: true
     0 | D:1      | 0 ||| qw: God list: Okawaru
     0 | D:1      | 0 ||| qw: Allow faded altars: false
     0 | D:1      | 0 ||| qw: Do Orc after D:15 true
     0 | D:1      | 0 ||| qw: Do second Lair branch before Depths: true
     0 | D:1      | 0 ||| qw: Lair rune preference: random
     0 | D:1      | 0 ||| qw: Plans: Normal
     0 | D:1      | 0 ||| PLANNING D:1-11
    61 | D:1      | Reached XP level 2. HP: 16/17 MP: 6/6
    94 | D:1      | Reached skill level 3 in Axes
   347 | D:1      | 347 ||| Stepping ~*~*~tactically~*~*~ (stealth).
   348 | D:1      | 348 ||| Stepping ~*~*~tactically~*~*~ (stealth).
   356 | D:1      | Reached XP level 3. HP: 18/21 MP: 7/7
   446 | D:1      | 446 ||| Stepping ~*~*~tactically~*~*~ (stealth).
   500 | D:1      | Reached skill level 4 in Axes
   581 | D:1      | 581 ||| DROPPING +0 club.
   810 | D:1      | 810 ||| UPGRADING to amulet of regeneration.
   815 | D:1      | 815 ||| READING scroll labelled WOF YLLOUTS.
   816 | D:1      | 816 ||| READING 2 scrolls labelled VAOPLA NAYDILL.
   817 | D:1      | 817 ||| READING scroll labelled VOEBAU MESAO.
   818 | D:1      | 818 ||| DROPPING scroll of blinking.
   949 | D:2      | 949 ||| DROPPING +0 mace.
   964 | D:2      | Found a bloodstained altar of Trog.
   988 | D:2      | 988 ||| Stepping ~*~*~tactically~*~*~ (stealth).
   989 | D:2      | 989 ||| Stepping ~*~*~tactically~*~*~ (stealth).
   992 | D:2      | 992 ||| Stepping ~*~*~tactically~*~*~ (stealth).
   997 | D:2      | 997 ||| Stepping ~*~*~tactically~*~*~ (stealth).
   999 | D:2      | 999 ||| Stepping ~*~*~tactically~*~*~ (stealth).
  1000 | D:2      | 1000 ||| Stepping ~*~*~tactically~*~*~ (stealth).
  1001 | D:2      | 1001 ||| Stepping ~*~*~tactically~*~*~ (stealth).
  1044 | D:2      | Reached XP level 4. HP: 26/26 MP: 8/8
  1122 | D:2      | 1122 ||| UPGRADING to +0 kite shield.
  1127 | D:2      | 1127 ||| DROPPING ring of flight.
  1309 | D:2      | Found a faded altar of an unknown god.
  1442 | D:2      | 1442 ||| Stepping ~*~*~tactically~*~*~ (hiding).
  1544 | D:2      | 1544 ||| Stepping ~*~*~tactically~*~*~ (hiding).
  1654 | D:2      | 1654 ||| READING scroll labelled WAOKAMADDUV.
  1655 | D:2      | 1655 ||| READING scroll labelled ULUSUUTHOL.
  1656 | D:2      | 1656 ||| READING 2 scrolls of identify.
  1656 | D:2      | 1656 ||| IDENTIFYING fizzy pink potion
  1690 | D:3      | 1690 ||| Stepping ~*~*~tactically~*~*~ (hiding).
  1817 | D:3      | Noticed a phantom
  1835 | D:3      | Killed a phantom
  1836 | D:3      | Gained mutation: Your magical nature lets you fly swiftly
                  | and evasively. [Tengu growth]
  1836 | D:3      | Reached XP level 5. HP: 11/30 MP: 9/9
  1967 | D:3      | Reached skill level 3 in Shields
  2292 | D:3      | 2292 ||| Stepping ~*~*~tactically~*~*~ (stealth).
  2294 | D:3      | 2294 ||| Stepping ~*~*~tactically~*~*~ (hiding).
  2304 | D:3      | Killed from afar by an orc wizard

Levels and vault maps discovered:
D:1:      tarquinn_simple_flora_water_d, layout_basic
D:2:      layout_loops_ring, basic_altar, dilly_ecumenical_altar_fadedgnrine,
          kennysheep_flooded_box, kennysheep_crisscross
D:3:      layout_basic, gammafunk_ghost_mausoleum, nicolae_wormholes

Skill      XL: |  1  2  3  4  5 |
---------------+----------------+-----
Axes           | 3 4 |  4.9
Shields        | 2 3 |  3.0
Fighting       | |  2.0
Throwing       | |  1.0
Armour         | |  1.1
Dodging        | |  2.1
Spellcasting   | |  2.0
Translocations | |  2.4

Action                   |  1- 3 |  4- 6 || total
-------------------------+-------+-------++-------
Melee: Hand axe          |    82 |    56 ||   138
       Kick              |    18 |    15 ||    33
       Peck              |    10 |    14 ||    24
Throw: Boomerang         |     7 |       ||     7
       Javelin           |     2 |    18 ||    20
  Use: Scroll            |     3 |     3 ||     6
Armor: Leather armour    |    17 |    11 ||    28
Dodge: Dodged            |    38 |    16 ||    54
Block: Kite shield       |       |    10 ||    10

Table legend:
 A = Non-vault XP
 B = Vault XP
 C = Vault XP percentage of total XP
 D = Non-vault monster count
 E = Vault monster count
 F = Vault count percentage of total count
                 A         B        C        D         E       F
            +---------+---------+-------+---------+---------+-------
      Total |     234 |      10 |   4.1 |      62 |       2 |   3.1
            +---------+---------+-------+---------+---------+-------
        D:1 |      50 |       0 |   0.0 |      30 |       0 |   0.0
        D:2 |      54 |       0 |   0.0 |      20 |       0 |   0.0
        D:3 |     130 |      10 |   7.1 |      12 |       2 |  14.3
            +---------+---------+-------+---------+---------+-------
